Map: Catalyst LE

Players

romano - Winner!

  • Race: Terran Terran
  • League: Diamond
  • Spawn Location: 11:00

Iceman

  • Race: Zerg Zerg
  • League: Diamond
  • Spawn Location: 5:00

VOD

Have the link to the VOD?

Description

Time

  • Played on: June 23, 2018, 5:57 a.m.
  • Length: 20:33
Show
View Real Time Build Order
Export as new Build Order

romano Terran - Winner!

Build Orders: Reaper Expand, MMM Bio 

Get SALT Encoding   

  12  0:01  SCV  
  13  0:13  SCV  
  14  0:17  Supply Depot  
  14  0:25  SCV  
  15  0:39  SCV  
  15  0:41  Barracks  
  16  0:46  Refinery  
  16  0:51  SCV  
  17  1:03  SCV  
  18  1:16  SCV  
  19  1:28  Orbital Command, Reaper  
  20  1:46  Command Center  
  20  1:55  Barracks  
  20  2:00  SCV  
  21  2:04  Barracks Reactor  
  21  2:10  Refinery  
  21  2:12  SCV  
  22  2:18  Supply Depot  
  22  2:27  Factory  
  23  2:30  SCV  
  23  2:42  SCV, Marine x2  
  26  2:44  Barracks Tech Lab  
  26  2:54  SCV  
  27  2:59  Marine  
  27  3:00  Marine  
  27  3:01  Orbital Command  
  29  3:08  Stimpack  
  29  3:11  Marine  
  30  3:21  Starport  
  30  3:24  Factory Reactor  
  30  3:26  SCV  
  31  3:29  Marine  
  31  3:32  Marine  
  33  3:36  Marine  
  33  3:41  SCV x2  
  36  3:47  Marine  
  37  3:50  Marine  
  37  3:53  SCV  
  37  3:54  Supply Depot, Marine  
  40  3:59  Supply Depot  
  40  4:04  SCV  
  40  4:05  SCV  
  40  4:07  Medivac  
  40  4:08  Medivac  
  46  4:15  Marine  
  46  4:16  SCV  
  48  4:18  SCV  
  48  4:23  Supply Depot  
  49  4:26  Engineering Bay  
  49  4:28  Engineering Bay, SCV  
  49  4:30  SCV  
  51  4:35  Marine  
  51  4:37  Marine  
  53  4:38  Marine  
  53  4:40  SCV  
  53  4:41  Factory Tech Lab  
  53  4:42  SCV  
  56  4:50  Medivac  
  56  4:52  SCV  
  59  4:53  Marine  
  59  4:54  SCV  
  59  4:56  Terran Infantry Weapons Level 1  
  59  4:58  Marine  
  59  4:59  Marine  
  63  5:00  Refinery  
  63  5:04  Siege Tank  
  63  5:06  SCV x2  
  68  5:11  Marine  
  69  5:16  Marine  
  70  5:31  Command Center  
  70  5:32  Supply Depot  
  70  5:34  Supply Depot  
  70  5:38  Terran Infantry Armor Level 1  
  70  5:40  Refinery  
  70  5:53  SCV, Marine x3  
  70  5:54  SCV, Medivac  
  70  5:56  Medivac  
  78  6:02  Combat Shields  
  78  6:05  SCV  
  78  6:06  SCV  
  80  6:11  Marine x3  
  80  6:17  SCV  
  80  6:18  SCV, Barracks  
  85  6:19  Barracks  
  84  6:29  Marine x2  
  86  6:33  Supply Depot  
  86  6:35  Supply Depot, Armory  
  86  6:42  SCV x2, Marine  
  89  6:51  Marine x2  
  75  7:17  Marine x2  
  75  7:18  Siege Tank  
  75  7:19  SCV x2  
  82  7:23  Supply Depot  
  82  7:24  Barracks Reactor  
  82  7:25  Barracks Reactor  
  82  7:28  Orbital Command, Barracks  
  82  7:30  Barracks, Terran Infantry Weapons Level 2  
  82  7:31  SCV x2  
  82  7:34  Terran Vehicle Weapons Level 1  
  84  7:38  Supply Depot  
  84  7:43  SCV  
  85  7:46  Terran Infantry Armor Level 2  
  85  7:47  Marine x2  
  87  7:52  Supply Depot  
  87  8:01  Marine x2  
  87  8:04  Supply Depot  
  85  8:08  Supply Depot  
  85  8:15  Siege Tank  
  88  8:39  Marine x3  
  88  8:41  Barracks Reactor x2  
  91  8:43  Orbital Command  
  91  8:45  SCV x2  
  91  8:46  Barracks  
  91  8:47  Barracks, Siege Tank  
  96  8:48  Marine x2  
  96  8:50  Supply Depot x2  
  96  8:52  Concussive Shells  
  96  8:53  Marine x2  
  96  8:54  Supply Depot  
  100  8:56  Supply Depot  
  100  9:00  Marine  
  100  9:02  Sensor Tower  
  101  9:04  SCV  
  101  9:05  SCV  
  103  9:15  Supply Depot  
  103  9:17  SCV  
  104  9:19  Supply Depot  
  104  9:21  SCV  
  105  9:25  SCV  
  105  9:26  Marine  
  105  9:29  SCV, Marine x2  
  110  9:33  SCV  
  110  9:35  Factory  
  110  9:37  SCV  
  112  9:41  SCV  
  112  9:42  Refinery x2  
  112  9:44  Command Center  
  112  9:45  SCV  
  114  9:47  Missile Turret  
  114  9:54  Terran Infantry Weapons Level 3  
  114  10:04  Terran Infantry Armor Level 3, Marine x2  
  114  10:05  Marauder, Marine x5  
  114  10:06  Marine  
  124  10:07  Marine x2, Barracks Tech Lab  
  124  10:08  Barracks Tech Lab  
  126  10:22  Marine x3  
  126  10:23  Marine  
  126  10:25  Missile Turret  
  126  10:26  Marauder  
  126  10:27  Missile Turret  
  132  10:32  Factory Tech Lab  
  132  10:38  Marine x2  
  132  10:39  Medivac x2  
  132  10:42  Starport  
  138  10:45  Marine, Siege Tank  
  138  10:46  Marine x9  
  138  10:48  Marauder  
  153  10:56  Marine x2  
  155  11:03  Marine  
  156  11:04  Marine x2  
  156  11:07  Marine x3, Siege Tank  
  156  11:08  Marine x3  
  156  11:09  Marauder x2, Sensor Tower  
  171  11:17  Siege Tank  
  174  11:30  Marauder  
  174  11:31  Missile Turret  
  174  11:32  Missile Turret  
  176  11:39  Siege Tank  
  134  11:46  Marine x2  
  134  11:47  Marine x10  
  127  11:51  Marine  
  133  11:56  Supply Depot  
  133  11:59  Starport Reactor  
  133  12:02  Planetary Fortress  
  133  12:04  Marine x7  
  133  12:05  Marauder x2, SCV x2, Marine x2  
  148  12:11  Marine x2  
  150  12:18  Supply Depot  
  133  12:29  Marine x3  
  116  12:30  Marauder x3, Marine  
  116  12:36  Marine x2  
  109  12:39  Marine x3, Sensor Tower  
  109  12:40  Marine  
  113  12:47  SCV x3, Marine x4, Refinery  
  113  12:49  Refinery  
  113  12:51  Marine x3  
  122  12:53  Marine, Command Center  
  122  12:54  Marine  
  122  12:57  Supply Depot, Marine x3  
  128  12:59  Marine, Medivac x4  
  128  13:04  Marine  
  128  13:05  Marine  
  139  13:08  Marine x3  
  139  13:09  Marine x2  
  139  13:11  Marine  
  139  13:12  Marine  
  146  13:14  Marine  
  146  13:15  Marine  
  148  13:24  Marine  
  148  13:25  Marine x3  
  148  13:26  Marine x4, Siege Tank x2  
  148  13:27  Marine  
  162  13:29  Marine  
  162  13:30  Marine  
  165  13:47  Marine x2  
  165  13:48  Marauder, Medivac x3  
  171  13:49  Medivac  
  171  13:52  Marine  
  139  14:07  Marine  
  139  14:08  Marine x8  
  139  14:33  Supply Depot  
  139  14:36  Barracks  
  139  14:39  Barracks  
  139  14:40  Barracks  
  136  14:56  Siege Tank x2  
  142  15:21  Marine x2  
  142  15:22  Marauder x3, Marine x3  
  142  15:24  Marine  
  142  15:28  Siege Tank x2  
  160  15:30  Marine  
  160  15:31  Marine x5  
  160  15:32  Marine  
  167  15:39  Marine x3  
  167  15:40  Marine  
  167  15:42  Marine  
  169  15:43  Marauder x3, Missile Turret  
  169  15:44  Missile Turret  
  169  15:48  Marine x2  
  169  15:49  Marine x4  
  157  15:50  Marine  
  147  15:57  Marine  
  147  16:00  Marine, Siege Tank x2  
  150  16:04  Marauder  
  150  16:05  Marauder x2  
  141  16:14  Planetary Fortress  
  141  16:18  Marine x4  
  134  16:25  Medivac x2  
  134  16:26  Marauder, Medivac x2  
  134  16:32  Siege Tank x2  
  148  16:38  Terran Vehicle Weapons Level 2  
  148  16:43  Marine x2  
  148  16:44  Marine x2  
  148  16:46  Barracks Reactor  
  152  16:47  Barracks Tech Lab  
  152  16:49  Barracks Tech Lab  
  152  16:52  Marine x2  
  154  16:55  Medivac x2  
  154  16:56  Medivac x2  
  154  17:00  Fusion Core  
  162  17:02  Starport  
  162  17:04  Siege Tank x2  
  168  17:12  Barracks Reactor  
  168  17:13  Barracks Tech Lab  
  168  17:23  Building Armor  
  168  17:25  Medivac x4  
  168  17:26  Refinery  
  168  17:27  Missile Turret x2  
  168  17:28  Refinery, Missile Turret  
  176  17:30  Missile Turret  
  176  17:31  Missile Turret  
  176  17:36  Siege Tank  
  179  17:51  Marauder x2, Marine x2  
  182  17:55  Medivac x4  
  193  18:03  Marine  
  193  18:04  Marauder x2, Marine x2  
  167  18:09  Marine x3  
  167  18:10  Marine x4  
  167  18:11  Marine  
  158  18:13  Marauder x2  
  158  18:14  Marine  
  161  18:21  Marine  
  161  18:22  Marine  
  161  18:23  Starport Tech Lab  
  161  18:26  Marauder x2  
  167  18:30  Marine x4  
  167  18:31  Marine  
  167  18:33  Marine  
  167  18:34  Marauder x2, Marine  
  178  18:43  Siege Tank x2  
  178  18:47  Marauder x2  
  188  18:49  Missile Turret  
  188  18:57  Command Center  
  144  19:25  Marauder, Marine x4  
  144  19:26  Marauder x2  
  144  19:30  Marine x2  
  144  19:31  Marauder, Marine x4  
  142  19:34  Marine x2  
  141  19:42  Marine  
  141  19:43  Marine x2  
  142  19:47  Marauder x3  
  147  19:52  Marauder  
  147  20:08  Marauder x2  
  151  20:20  Missile Turret  
Show
View Real Time Build Order
Export as new Build Order

Iceman Zerg 

Build Orders: Hatch First 

Get SALT Encoding   

  12  0:01  Drone  
  13  0:13  Overlord  
  13  0:17  Drone  
  14  0:31  Drone x2  
  14  0:34  Drone  
  17  0:53  Hatchery  
  17  0:55  Drone  
  17  0:59  Drone  
  18  1:09  Extractor  
  17  1:16  Spawning Pool  
  17  1:17  Drone  
  17  1:20  Drone  
  18  1:28  Drone  
  19  1:38  Overlord  
  19  1:49  Drone  
  20  2:04  Zergling x2, Queen  
  20  2:06  Zergling x2, Queen  
  26  2:11  Drone  
  27  2:23  Hatchery  
  26  2:36  Drone x4  
  30  2:40  Drone  
  31  2:45  Drone  
  31  2:49  Metabolic Boost  
  32  2:54  Pneumatized Carapace  
  32  2:57  Drone  
  33  3:00  Drone  
  33  3:03  Overlord  
  34  3:09  Drone  
  34  3:10  Drone  
  36  3:18  Overlord  
  36  3:23  Drone x6  
  42  3:39  Drone x3  
  42  3:41  Drone  
  46  3:48  Drone x2  
  48  3:51  Drone  
  49  3:59  Drone x2  
  49  4:00  Queen x3  
  58  4:02  Drone  
  58  4:07  Evolution Chamber  
  57  4:11  Zergling x2  
  57  4:12  Overlord x2  
  57  4:14  Evolution Chamber  
  57  4:16  Overlord  
  57  4:17  Zergling x2  
  58  4:30  Zergling x10  
  63  4:42  Queen x3  
  63  4:44  Zerg Ground Armor Level 1  
  69  4:46  Zergling x14  
  69  4:52  Zergling x2  
  77  4:59  Overlord  
  77  5:01  Zergling x4  
  79  5:13  Drone x3  
  79  5:14  Overlord x2  
  82  5:23  Drone x7  
  82  5:24  Drone  
  90  5:32  Lair  
  90  5:34  Baneling Nest  
  90  5:35  Drone x3, Extractor  
  91  5:38  Extractor  
  91  5:39  Extractor  
  89  5:43  Drone x4  
  89  5:44  Hatchery  
  92  5:55  Drone x3  
  94  6:11  Extractor  
  93  6:12  Spore Crawler  
  93  6:13  Spine Crawler, Drone x3, Extractor  
  93  6:14  Drone x2  
  93  6:16  Drone  
  93  6:17  Drone x4  
  93  6:18  Drone  
  101  6:25  Drone x4  
  103  6:26  Drone  
  94  6:49  Baneling  
  94  6:50  Baneling x4  
  94  6:51  Zergling x22  
  105  6:55  Queen x2, Hatchery  
  108  7:01  Spawning Pool  
  108  7:04  Zergling x6  
  106  7:25  Hatchery  
  106  7:27  Spine Crawler, Spore Crawler  
  106  7:29  Drone x3  
  106  7:32  Zerg Melee Weapons Level 1  
  106  7:34  Overlord  
  106  7:47  Overlord x2  
  106  7:48  Overlord x2  
  104  8:02  Drone x2  
  106  8:09  Overlord x2  
  106  8:11  Zergling x16  
  114  8:23  Drone x3  
  114  8:24  Drone  
  114  8:25  Extractor  
  117  8:32  Zergling x4  
  117  8:34  Zergling x4  
  121  8:42  Baneling Nest  
  121  8:46  Lair, Drone  
  121  8:47  Drone x2  
  121  8:48  Drone x7  
  130  8:51  Zergling x4  
  132  8:57  Zergling x2  
  132  8:58  Zergling x2  
  132  9:02  Drone x3  
  137  9:04  Zergling x2  
  137  9:06  Zergling x2  
  137  9:07  Zergling x4  
  140  9:10  Zergling x2  
  140  9:13  Zergling x12  
  147  9:19  Zergling x10  
  147  9:23  Zergling x4  
  153  9:25  Zergling x2  
  153  9:29  Spore Crawler  
  153  9:31  Zergling x10  
  158  9:32  Zergling x2, Spore Crawler  
  158  9:36  Drone x2  
  160  9:40  Baneling  
  160  9:41  Baneling x5  
  160  9:44  Centrifical Hooks  
  160  9:46  Zerg Ground Armor Level 2  
  160  9:47  Zerg Melee Weapons Level 2  
  160  9:49  Drone x6  
  160  9:50  Spire  
  165  10:08  Overlord  
  165  10:10  Overlord x2  
  165  10:11  Overlord  
  165  10:15  Zergling x2  
  165  10:16  Overlord x5  
  166  10:32  Zergling x38  
  166  10:34  Baneling x9  
  166  10:35  Baneling  
  185  10:39  Extractor  
  185  10:40  Extractor, Hatchery  
  182  10:48  Overseer  
  182  10:49  Spine Crawler  
  181  10:50  Spore Crawler, Extractor  
  181  10:51  Spine Crawler  
  181  10:53  Spore Crawler, Extractor  
  176  11:01  Mutalisk  
  178  11:05  Mutalisk x11  
  178  11:07  Zerg Flyer Weapons Level 1  
  200  11:22  Baneling  
  200  11:23  Baneling x14  
  195  11:38  Mutalisk x5  
  195  11:39  Mutalisk  
  171  11:40  Zergling x2  
  171  11:41  Zergling x34  
  181  11:49  Mutalisk x2  
  182  12:05  Spine Crawler  
  182  12:06  Spine Crawler, Spore Crawler x2  
  182  12:07  Spine Crawler  
  182  12:08  Mutalisk x3  
  177  12:10  Zergling x18  
  141  12:30  Mutalisk x4  
  141  12:32  Zergling x22  
  138  12:45  Zergling x14  
  138  12:46  Zergling x6  
  148  12:51  Spore Crawler  
  148  12:53  Infestation Pit  
  146  13:01  Drone x6  
  152  13:12  Mutalisk x5  
  152  13:16  Zergling x2  
  152  13:18  Zergling x12  
  169  13:21  Zergling x2  
  169  13:23  Zergling x2  
  169  13:24  Zergling x4, Hatchery  
  172  13:27  Extractor  
  172  13:28  Zergling x2, Extractor  
  172  13:29  Zergling x6  
  172  13:31  Baneling x10  
  172  13:32  Baneling x7  
  172  13:33  Zergling x4  
  176  13:41  Hive  
  176  13:48  Zergling x14  
  176  13:49  Zergling x10  
  151  14:05  Zergling x10  
  151  14:06  Zergling x12  
  151  14:07  Baneling x3  
  151  14:08  Baneling x4  
  151  14:09  Zergling x2  
  131  14:21  Mutalisk x3  
  131  14:22  Mutalisk x9  
  131  14:24  Zergling x4  
  147  14:30  Drone x2  
  147  14:32  Drone  
  148  14:45  Zergling x28  
  149  14:47  Baneling x2  
  149  14:48  Baneling x3  
  149  14:56  Mutalisk x2  
  149  14:57  Mutalisk x2  
  157  15:03  Ultralisk Cavern  
  157  15:05  Adrenal Glands  
  156  15:08  Drone x2  
  158  15:25  Drone x2  
  158  15:26  Drone  
  161  15:28  Zergling x14  
  161  15:29  Zergling x12  
  174  15:38  Zergling x4  
  174  15:39  Zergling x14  
  163  15:51  Zergling x2  
  163  15:52  Zergling x22  
  160  16:00  Zergling x8  
  160  16:01  Baneling x4  
  160  16:02  Baneling x4  
  160  16:03  Zergling x6  
  160  16:05  Zergling x2  
  156  16:14  Zergling x12  
  127  16:28  Zergling x18  
  127  16:30  Ultralisk  
  127  16:31  Burrow  
  127  16:32  Chitinous Plating  
  140  16:38  Drone x5  
  145  16:40  Zergling x4  
  145  16:46  Zerg Ground Armor Level 3  
  147  16:48  Infestor  
  147  16:50  Infestor  
  151  17:01  Ultralisk  
  157  17:04  Ultralisk  
  163  17:14  Ultralisk  
  163  17:15  Infestor x3  
  169  17:21  Extractor  
  174  17:25  Zerg Flyer Weapons Level 2  
  174  17:26  Corruptor x2  
  174  17:29  Zerg Melee Weapons Level 3  
  178  17:42  Ultralisk x2  
  190  17:46  Corruptor, Infestor  
  190  17:48  Zergling x2  
  195  17:52  Baneling x5  
  195  17:53  Baneling x2  
  186  18:04  Zergling x22  
  186  18:05  Zergling x2  
  174  18:10  Zergling x8  
  174  18:11  Zergling x2  
  174  18:12  Zergling x2  
  165  18:16  Infestor  
  165  18:17  Infestor  
  165  18:19  Drone x2  
  168  18:30  Baneling  
  168  18:31  Baneling x9  
  168  18:35  Corruptor x3  
  168  18:37  Corruptor  
  176  18:42  Corruptor, Drone  
  176  18:44  Zergling x2  
  175  18:53  Ultralisk  
  177  19:01  Overlord  
  177  19:03  Overlord  
  134  19:25  Ultralisk x4, Extractor  
  134  19:26  Zergling x8  
  133  19:38  Ultralisk  
  133  19:40  Zergling x10  
  133  19:41  Zergling x2  
  139  19:49  Baneling  
  139  19:50  Baneling x5  
  132  19:52  Ultralisk  
  132  19:57  Zergling x6  
  132  19:59  Zergling x2  
Tags
 
Add a new tag
Caveats
  • Supply blocks, unpowered buildings, or Contaminate may cause inaccurate times.
  • Supply counts are checked every 10 seconds.